 Dungeon Crawl Stone Soup version 0.30-a0-168-g0b976cbdc4 (webtiles) character file.

Game seed: 11105776448573521421

143 squinnward the Sneak (level 5, -6/28 HPs)
             Began as a Kobold Enchanter on Sept 29, 2022.
             Killed from afar by an orc wizard (7 damage)
             ... with a magic dart
             ... on level 3 of the Dungeon.
             The game lasted 00:14:58 (2865 turns).

squinnward the Sneak (Kobold Enchanter)             Turns: 2865, Time: 00:14:59

Health: -6/28      AC:  2    Str:  5    XL:     5   Next: 50%
Magic:  4/8        EV: 15    Int: 17    God:
Gold:   283        SH:  0    Dex: 17    Spells: 4/9 levels left

rFire   . . .      SeeInvis .    a - +1 dagger
rCold   . . .      Faith    .    (no shield)
rNeg    . . .      Spirit   .    b - +0 robe
rPois   .          Reflect  .    (no helmet)
rElec   .          Harm     .    (no cloak)
rCorr   .          Rampage  .    (no gloves)
Will    .....                    (no boots)
Stlth   ++........               (no amulet)
HPRegen 0.09/turn                (no ring)
MPRegen 0.11/turn                (no ring)

@: confused
A: small, no large weapons, nightstalker 3
a: no special abilities


You were on level 3 of the Dungeon.
You visited 1 branch of the dungeon, and saw 3 of its levels.

You collected 283 gold pieces.

Inventory:

Hand Weapons
 a - a +1 dagger (weapon)
Armour
 b - a +0 robe (worn)
Jewellery
 p - a +6 ring of dexterity
Scrolls
 d - 2 scrolls of amnesia
 e - a scroll of identify
 f - a scroll of fear
 g - a scroll of teleportation
 h - a scroll of enchant armour {unknown}
 j - 2 scrolls of brand weapon {unknown}
 k - a scroll of acquirement {unknown}
 o - a scroll of poison {unknown}
Potions
 i - a potion of curing {unknown}
 l - a potion of cancellation {unknown}
 m - a potion of brilliance {unknown}
 n - a potion of degeneration {unknown}


   Skills:
 + Level 0.6 Fighting
 + Level 2.6 Short Blades
 + Level 3.0 Dodging
 + Level 5.9 Stealth
 + Level 2.5 Spellcasting
 + Level 3.6 Hexes
 + Level 0.8 Ice Magic


You had 4 spell levels left.
You knew the following spells:

 Your Spells              Type           Power      Damage    Failure   Level
a - Ensorcelled Hibernat  Hex/Ice        18%        N/A       11%         2
b - Tukima's Dance        Hex            14%        N/A       12%         3

Your spell library contained the following spells:

 Spells                   Type           Power      Damage    Failure   Level
 Confusing Touch          Hex            14%        N/A       12%         3
 Dazzling Flash           Conj/Hex       16%        N/A       26%         3


Dungeon Overview and Level Annotations

Branches:
Dungeon (3/15)

Altars:

Shops:
D:3 ([*


Innate Abilities, Weirdness & Mutations

You are small and have problems with some larger weapons.
You are completely attuned to the shadows.


Message History

The orc wizard gestures wildly while chanting.
The orc wizard flickers and vanishes!
Deactivating autopickup; reactivate with Ctrl-A.
The orc priest invokes the aid of Beogh against you.
Pain shoots through your body!
You hit the orc priest.
The orc priest is moderately wounded.
The orc priest casts a cantrip, but nothing happens.
The orc priest barely misses you.
You hit the orc priest.
The orc priest is moderately wounded.
You completely miss the orc priest.
The orc priest is moderately wounded.
The orc priest hits you with a +0 trident.
The orc priest closely misses you.
The orc priest mumbles some strange prayers to Beogh against you.
Something writhes in agony!
The orc priest looks satisfied for a moment.
Something barely misses you.
You hear some strange, mumbled words.
Something tries to affect you, but you resist.
A magic dart appears from out of thin air!
The magic dart hits you.
You are confused.
You bump into the rock wall.
You hear some strange, mumbled words.
Something tries to affect you, but you resist.
Something hits you.
* * * LOW HITPOINT WARNING * * *
Something hits you.
* * * LOW HITPOINT WARNING * * *
You feel less confused. Something hits you.
* * * LOW HITPOINT WARNING * * *
The orc priest looks encouraged for a moment.
You hear some strange, mumbled words.
You are confused.
A magic dart appears from out of thin air!
The magic dart hits you!
You die...

..######.#.........#.............
⌠## ###.#####).)#.....##........
†.####...# ###.......###.#.....
##.....### #.##.....##)#.....
#######8# #.##..#...........
#⌠##o.. #.###..#.#........ '.).o#
#.# ##.#...>...... ##.##... #.#
#..##........ #o.⌠# 8# ##@#
##........... ##o##########..#
#######..... #o.......oo{.##
##.... ############## ###.> #..
#.. ###


You could see an orc priest.

Vanquished Creatures
  Terence (D:3)
  3 gnolls (D:3)
  3 adders
  A worm (D:2)
  4 orcs (D:3)
  2 endoplasms
  3 giant cockroaches
  4 goblins
  3 hobgoblins
  A quokka (D:3)
  7 ball pythons
  10 bats
  7 frilled lizards
  3 kobolds
  5 rats
57 creatures vanquished.

Vanquished Creatures (others)
  7 plants (D:3)
7 creatures vanquished.

Grand Total: 64 creatures vanquished

Notes
Turn   | Place    | Note
-------+----------+-------------------------------------------
     0 | D:1      | squinnward the Kobold Enchanter began the quest for the
                  | Orb.
     0 | D:1      | Reached XP level 1. HP: 10/10 MP: 3/3
   465 | D:1      | Reached XP level 2. HP: 13/15 MP: 5/5
   501 | D:1      | Learned a level 2 spell: Ensorcelled Hibernation
   895 | D:2      | Reached XP level 3. HP: 19/19 MP: 6/6
  1110 | D:2      | Found a faded altar of an unknown god.
  1273 | D:2      | Reached skill level 5 in Stealth
  1273 | D:2      | Reached XP level 4. HP: 24/24 MP: 7/7
  1605 | D:3      | Found Gutriy's Antique Weapon Shoppe.
  1670 | D:3      | Found Wewkem's Antique Armour Shop.
  2071 | D:3      | Noticed Terence
  2076 | D:3      | Killed Terence
  2125 | D:3      | Found Plog's Jewellery Emporium.
  2138 | D:3      | Reached XP level 5. HP: 28/28 MP: 8/8
  2446 | D:3      | Found Urink's General Store.
  2514 | D:3      | HP: 1/28 [orc priest/divine providence (12)]
  2830 | D:3      | Learned a level 3 spell: Tukima's Dance
  2863 | D:3      | HP: 1/28 [something (3)]
  2865 | D:3      | Killed from afar by an orc wizard

Illustrated notes

Levels and vault maps discovered:
D:1:      roderic_chinese_lattice_arrival, layout_basic, hangedman_decor_push
D:2:      layout_rooms, basic_ecumenical_altar, hangedman_abyss_or_decor_stabs
D:3:      layout_rooms, amethyst_overflow_temple_binary, serial_shops,
          shop_fountains, nicolae_shop_trees, nicolae_shop_stone, shop_coins,
          minmay_lizard_king, uniq_terence

Skill      XL: |  1  2  3  4 |
---------------+-------------+-----
Stealth        | 5 |  5.9
Short Blades   | 2 |  2.6
Dodging        | 3 |  3.0
Fighting       | |  0.6
Spellcasting   | |  2.5
Hexes          | |  3.6
Ice Magic      | |  0.8

Action                   |  1- 3 |  4- 6 || total
-------------------------+-------+-------++-------
Melee: Dagger            |    66 |    62 ||   128
       Punch             |     1 |       ||     1
 Cast: Ensorcelled Hiber |     3 |    13 ||    16
       Tukima's Dance    |       |     2 ||     2
  Use: Scroll            |       |     3 ||     3
       Potion            |       |     2 ||     2
 Stab: Sleeping          |    15 |    16 ||    31
Armor: Robe              |    15 |     4 ||    19
Dodge: Dodged            |    69 |    45 ||   114

Table legend: (Time is in decaauts)
 A = Elapsed time spent in this place.
 B = Non-inter-level travel time spent in this place.
 C = Inter-level travel time spent in this place.
 D = Time resting spent in this place.
 E = Time spent auto-exploring this place.
 F = Levels seen in this place.
 G = Mean time per level.
                   A        B        C        D        E       F      G
               +--------+--------+--------+--------+--------+-----+--------+
         Total |   2852 |   2819 |     33 |    780 |    615 |   3 |  950.7 |
       Dungeon |   2852 |   2819 |     33 |    780 |    615 |   3 |  950.7 |
               +--------+--------+--------+--------+--------+-----+--------+

Top non-repeatable levels by time:
     D:3: 1319 daAuts
     D:1: 812 daAuts
     D:2: 721 daAuts
